cohdb
Replays
Latest Replays
All Replays
Popular Replays
Top Player Replays
Match Explorer
How It Works
Community
CoH3 Stats
Reddit
Sign in to upload your games and track your stats! →
Sign in with Steam
Match 32215436
Unlisted
Match 32215436
Overview
Messages
Build Orders
End
Construct Weapon Support Center
Selects Special Operations Battlegroup
Selects M29 Weasel Recon Vehicle
M29 Weasel Recon Vehicle
M1919 Machine Gun Team
Bazooka Squad
M1919 Machine Gun Team
Sniper
Air Support Center
M3 Armored Personnel Carrier
Improved M9 Bazooka Rockets
Selects Raiding Flares
Engineer Squad
Raiding Flares
Construct Tank Depot
Selects SSF Commando Squad
Grasshopper Recon Run
SSF Commando Squad
Raiding Flares
P-47 Dive Bomb
P-47 Dive Bomb
SSF Commando Squad
Advanced Air Reconnaissance
Air Supply
Grasshopper Recon Run
P-47 Strafing Run
Grasshopper Recon Run
Selects P-47 Anti-Infantry Loiter
Selects UNKNOWN (2162291)
P-47 Dive Bomb
Raiding Flares
M4A1 Sherman Whizbang
Bismarck
mr.napalman
沐雨轻然
traat
torbjornuser
V.a.lacky
카츄사
PubStormer
0
0
Comments
sign in to comment!
No comments posted yet!